 Dungeon Crawl Stone Soup version 0.28-a0-32-g8dfe7f97f6 (webtiles) character file.

Game seed: 11648641540467526928

942 pokeman the Thaumaturge (level 7, -9/39 HPs)
             Began as a Deep Elf Hedge Wizard on July 27, 2021.
             Mangled by a centaur simulacrum (13 damage)
             ... on level 4 of the Dungeon.
             The game lasted 00:12:51 (6044 turns).

pokeman the Thaumaturge (Deep Elf Hedge Wizard)     Turns: 6044, Time: 00:12:52

Health: -9/39      AC:  6    Str:  7    XL:     7   Next: 88%
Magic:  19/21      EV: 12    Int: 21    God:
Gold:   146        SH:  0    Dex: 14    Spells: 12/23 levels left

rFire   + . .      SeeInvis .   k - +1 dagger (drain)
rCold   x . .      Faith    .   (no shield)
rNeg    . . .      Spirit   .   w - +0 leather armour
rPois   .          Reflect  .   c - +0 hat
rElec   .          Harm     .   (no cloak)
rCorr   .          Rampage  .   t - +1 pair of gloves
Will    .....                   A - +0 pair of boots
Stlth   ++........              B - amulet of regeneration
HPRegen 1.13/turn               r - ring of fire
MPRegen 0.17/turn               (no ring)

@: no status effects
A: no striking features
a: no special abilities


You were on level 4 of the Dungeon.
You visited 1 branch of the dungeon, and saw 4 of its levels.

You collected 146 gold pieces.

Inventory:

Hand Weapons
 k - a +1 dagger of draining (weapon)
Missiles
 j - 52 bolts
 p - 63 arrows
Armour
 c - a +0 hat (worn)
 t - a +1 pair of gloves (worn)
 w - a +0 leather armour (worn)
 A - a +0 pair of boots (worn)
Jewellery
 r - a ring of fire (left hand)
 B - an amulet of regeneration (around neck)
Wands
 q - a wand of flame (44)
 u - a wand of acid (10)
 x - a wand of polymorph (4)
Scrolls
 a - a scroll of holy word {unknown}
 e - 2 scrolls of silence {unknown}
 f - 2 scrolls of enchant weapon {unknown}
 g - 2 scrolls of magic mapping {unknown}
 h - 2 scrolls of teleportation {unknown}
 i - 3 scrolls of fear {unknown}
 l - a scroll of fog {unknown}
 m - 5 scrolls of identify {unknown}
 o - a scroll of enchant armour {unknown}
 v - a scroll of noise {unknown}
 y - a scroll of brand weapon {unknown}
Potions
 b - a potion of magic {unknown}
 d - a potion of attraction {unknown}
 n - 3 potions of brilliance {unknown}
 s - a potion of curing {unknown}
 z - a potion of heal wounds {unknown}


   Skills:
 + Level 1.9 Fighting
 - Level 2.0 Armour
 - Level 2.5 Dodging
 - Level 3.1 Stealth
 * Level 8.6 Spellcasting
 + Level 4.4 Conjurations
 - Level 1.1 Summonings
 - Level 1.1 Translocations
 + Level 3.1 Fire Magic
 - Level 1.1 Air Magic
 - Level 1.0 Poison Magic
 - Level 1.0 Evocations


You had 12 spell levels left.
You knew the following spells:

 Your Spells              Type           Power      Damage    Failure   Level
a - Magic Dart            Conj           100%       1d8       1%          1
b - Mephitic Cloud        Conj/Pois/Air  18%        N/A       13%         3
c - Call Imp              Summ           13%        N/A       11%         2
d - Blink                 Tloc           N/A        N/A       11%         2
e - Conjure Flame         Conj/Fire      37%        6-21      7%          3

Your spell library contained the following spells:

 Spells                   Type           Power      Damage    Failure   Level
 Pain                     Necr           36%        1d5       11%         1
 Slow                     Hex            9%         N/A       16%         2
 Lesser Beckoning         Tloc           6%         N/A       21%         3
 Manifold Assault         Tloc           13%        N/A       88%         5
 Alistair's Intoxication  Tmut/Pois      7%         N/A       94%         5
 Agony                    Necr           9%         N/A       96%         5
 Borgnjor's Vile Clutch   Necr/Erth      4%         N/A       96%         5
 Excruciating Wounds      Necr           4%         N/A       96%         5
 Eringya's Noxious Bog    Tmut/Pois      5%         N/A       100%        6


Dungeon Overview and Level Annotations

Branches:
Dungeon (4/15)
 Temple: D:4-7

Altars:

Annotations:
D:4 Sin92's ghost, weakling DsFi


Message History

You closely miss the quokka. The quokka bites you.
You hit the quokka. You drain the quokka.
You kill the quokka!
You start putting on your amulet.
You continue putting on your amulet of regeneration. x5
You finish putting on your amulet of regeneration.
The amulet cannot attune itself to your injured body.
B - an amulet of regeneration (around neck)
Your amulet attunes itself to your body as you begin to regenerate more quickly.
You now have 146 gold pieces (gained 13).
Found a stone staircase leading up.
There is a stone staircase leading up here.
There is a stone staircase leading up here.
Sin92's ghost turns its malevolent gaze towards you.
Casting: Magic Dart (safe; 1% risk of failure)
Confirm with . or Enter, or press ? or * to list all spells.
Okay, then.
Press: ? - help, v - describe, . - travel
Here: Sin92's ghost (fire blocked by a translucent stone wall)
The floor.
Unknown command.
Unknown command.
What are your orders? t - Shout!
Orders for allies: a - Attack new target. r - Retreat! s - Stop attacking. g - Guard the area. f - Follow me.
Anything else - Cancel.
You shout for attention!
You hear a shout!
You open the gate. The centaur simulacrum hits you.
The centaur simulacrum freezes you!
You feel a terrible chill! The centaur simulacrum kicks you.
The centaur simulacrum freezes you!
You feel a terrible chill!
* * * LOW HITPOINT WARNING * * *
Casting: Magic Dart (safe; 1% risk of failure)
Confirm with . or Enter, or press ? or * to list all spells.
You blink.
The centaur simulacrum hits you.
* * * LOW HITPOINT WARNING * * *
The centaur simulacrum freezes you!
You feel a terrible chill!
You die...

#.#####.########... #.#
#.#.......... #.# #.#.######...
#.# #)#.# ##... #.# #)#.#
###.... #ยง# #.#.###......
###.#####............
#...Z...)##.###.###..
#####...@........##.###..
#######......###5W'###..#.#....
#...........##.......##........
#.###......##.........#.....###
#.# #......#.Y........##.##.###
#.# #.....##..Z.####...#.......
#.# ###...#...###=$##..##...###
#.# #...#..##..... #..#....#
#.# ##..#W.#Z..=.. #..#..#.#


You could see an ice beast, Sin92's ghost, a white imp, a hound simulacrum and a
centaur simulacrum.

Vanquished Creatures
  Sigmund (D:2)
  A black bear (D:4)
  A necrophage (D:3)
  2 phantoms (D:4)
  A scorpion (D:3)
  A bullfrog skeleton (D:3)
  Jessica (D:3)
  2 orc wizards (D:4)
  Natasha (thrice) (D:3)
  Ijyb (D:3)
  A hound skeleton (D:4)
  3 gnolls (D:3)
  7 adders
  A worm (D:2)
  3 dart slugs
  An orc (D:4)
  8 ball pythons
  5 bats
  9 endoplasms
  7 giant cockroaches
  9 goblins
  10 hobgoblins
  18 jackals
  2 kobolds
  2 quokkas
  3 frilled lizards
  7 rats
  A spectral goblin (D:1)
111 creatures vanquished.

Vanquished Creatures (collateral kills)
  A gnoll (D:3)
1 creature vanquished.

Grand Total: 112 creatures vanquished

Notes
Turn   | Place    | Note
-------+----------+-------------------------------------------
     0 | D:1      | pokeman the Deep Elf Hedge Wizard began the quest for the
                  | Orb.
     0 | D:1      | Reached XP level 1. HP: 10/10 MP: 7/7
   163 | D:1      | Reached XP level 2. HP: 15/15 MP: 4/9
   826 | D:1      | Reached skill level 5 in Spellcasting
   941 | D:1      | Found a faded altar of an unknown god.
   993 | D:1      | Reached XP level 3. HP: 17/19 MP: 3/11
  1000 | D:1      | Learned a level 3 spell: Mephitic Cloud
  1003 | D:1      | Learned a level 2 spell: Call Imp
  1006 | D:1      | Learned a level 2 spell: Blink
  1010 | D:1      | Learned a level 3 spell: Conjure Flame
  1767 | D:2      | Reached skill level 1 in Fighting
  1772 | D:2      | Reached skill level 1 in Armour
  2294 | D:2      | Reached XP level 4. HP: 25/25 MP: 11/13
  2310 | D:2      | Noticed Sigmund
  2365 | D:2      | Killed Sigmund
  2366 | D:2      | Reached skill level 6 in Spellcasting
  2366 | D:2      | Reached skill level 1 in Fire Magic
  2366 | D:2      | Reached XP level 5. HP: 27/29 MP: 3/15
  3198 | D:3      | Reached XP level 6. HP: 34/34 MP: 7/17
  3614 | D:3      | Reached skill level 7 in Spellcasting
  3614 | D:3      | Reached skill level 1 in Air Magic
  4133 | D:3      | Reached skill level 1 in Evocations
  4133 | D:3      | Noticed Jessica
  4138 | D:3      | Killed Jessica
  4139 | D:3      | Reached skill level 1 in Poison Magic
  4277 | D:3      | Noticed Ijyb
  4288 | D:3      | Noticed Natasha
  4291 | D:3      | Killed Ijyb
  4292 | D:3      | Reached XP level 7. HP: 33/38 MP: 14/20
  4298 | D:3      | Killed Natasha
  4373 | D:3      | Noticed Natasha
  4426 | D:3      | Killed Natasha
  4558 | D:3      | Noticed Natasha
  4567 | D:3      | Killed Natasha
  4832 | D:4      | Reached skill level 8 in Spellcasting
  5340 | D:4      | Found a runed translucent gate.
  5340 | D:4      | Found a runed translucent gate.
  5340 | D:4      | Found a runed translucent gate.
  5938 | D:4      | Noticed Sin92's ghost (weakling DsFi)
  6044 | D:4      | Mangled by a centaur simulacrum

Illustrated notes

Levels and vault maps discovered:
D:1:      dpeg_arrival_stone_temple_mockup, layout_basic,
          dreamdust_ecumenical_altar_drowned_temple, item_on_display_b
D:2:      layout_basic, uniq_sigmund
D:3:      layout_basic, minmay_misc_feat_diagonals, uniq_jessica, uniq_ijyb,
          uniq_natasha
D:4:      layout_loops_ring, gammafunk_ghost_icy

Skill      XL: |  1  2  3  4  5  6  7 |
---------------+----------------------+-----
Spellcasting   | 5 6 7 8 |  8.6
Conjurations   | 2 3 4 |  4.4
Fighting       | 1 |  1.9
Armour         | 1 2 |  2.0
Fire Magic     | 1 3 |  3.1
Stealth        | 3 |  3.1
Air Magic      | 1 |  1.1
Evocations     | 1 |  1.0
Poison Magic   | 1 |  1.0
Dodging        | |  2.5
Summonings     | |  1.1
Translocations | |  1.1

Action                   |  1- 3 |  4- 6 |  7- 9 || total
-------------------------+-------+-------+-------++-------
Melee: Dagger            |    43 |    27 |    22 ||    92
 Cast: Magic Dart        |   101 |    89 |    82 ||   272
       Conjure Flame     |       |     5 |     1 ||     6
       Mephitic Cloud    |       |     6 |     4 ||    10
       Call Imp          |       |     2 |       ||     2
       Blink             |       |       |     2 ||     2
 Stab: Confused          |       |     2 |     1 ||     3
       Sleeping          |       |       |     1 ||     1
Armor: Robe              |    11 |     3 |       ||    14
       Leather armour    |       |     5 |     9 ||    14
Dodge: Dodged            |    49 |    18 |    20 ||    87

Table legend: (Time is in decaauts)
 A = Elapsed time spent in this place.
 B = Non-inter-level travel time spent in this place.
 C = Inter-level travel time spent in this place.
 D = Time resting spent in this place.
 E = Time spent auto-exploring this place.
 F = Levels seen in this place.
 G = Mean time per level.
                   A        B        C        D        E       F      G
               +--------+--------+--------+--------+--------+-----+--------+
         Total |   6035 |   5963 |     72 |     54 |   5144 |   4 | 1508.8 |
       Dungeon |   6035 |   5963 |     72 |     54 |   5144 |   4 | 1508.8 |
               +--------+--------+--------+--------+--------+-----+--------+

Top non-repeatable levels by time:
     D:3: 1606 daAuts
     D:2: 1599 daAuts
     D:1: 1557 daAuts
     D:4: 1271 daAuts
